 Dungeon Crawl Stone Soup version 0.30-a0-691-g754fce4c43 (webtiles) character file.

Game seed: 8666533487278985852

520 ragingrage the Sneak (level 7, -4/46 HPs)
             Began as an Octopode Fighter on Jan 19, 2023.
             Was an Initiate of Gozag.
             Slain by an ice beast (12 damage)
             ... on level 5 of the Dungeon.
             The game lasted 00:05:21 (4213 turns).

ragingrage the Sneak (Octopode Fighter)             Turns: 4213, Time: 00:05:22

Health: -4/46      AC:  1    Str: 25    XL:     7   Next: 21%
Magic:  7/7        EV: 13    Int: 14    God:    Gozag
Gold:   303        SH:  4    Dex: 13    Spells: 6/6 levels left

rFire   . . .      SeeInvis +    b - +10 sling of Sharp Innocence {elec, Drain Str+4 Int+3 SInv}
rCold   . . .      Faith    .    m - +0 buckler
rNeg    . . .      Spirit   .    (helmet restricted)
rPois   .          Reflect  .    (no amulet)
rElec   .          Harm     .    u - +6 ring of strength
rCorr   .          Rampage  .    (no ring)
Will    .....                    (no ring)
Stlth   ++++                     (no ring)
HPRegen 0.27/turn                (no ring)
MPRegen 0.10/turn                (no ring)
                                 (no ring)
                                 (no ring)

@: no status effects
A: almost no armour, amphibious, 8 rings, camouflage 1, gelatinous body 1,
(nimble swimmer 1), tentacles
a: Renounce Religion, Potion Petition, Call Merchant, Bribe Branch


You were on level 5 of the Dungeon.
You worshipped Gozag.
Gozag was aware of your devotion.
You visited 2 branches of the dungeon, and saw 7 of its levels.

You collected 393 gold pieces.
You paid 90 gold pieces to Gozag.

Inventory:

Hand Weapons
 b - the +10 sling of Sharp Innocence (weapon) {elec, Drain Str+4 Int+3 SInv}
   (You found it on level 5 of the Dungeon)

   Str:       It affects your strength (+4).
   Int:       It affects your intelligence (+3).
   SInv:      It lets you see invisible.
   Drain:     It drains your maximum health when unequipped.
Missiles
 C - 8 poisoned darts
 F - a throwing net
Armour
 m - a +0 buckler (worn)
Jewellery
 u - a +6 ring of strength (left tentacle)
Scrolls
 d - a scroll of enchant weapon {unknown}
 h - 3 scrolls of brand weapon {unknown}
 j - 2 scrolls of immolation {unknown}
 q - 2 scrolls of fear {unknown}
 r - a scroll of torment {unknown}
 s - 4 scrolls of identify {unknown}
 y - 2 scrolls of blinking {unknown}
 z - 2 scrolls of amnesia {unknown}
 B - a scroll of poison {unknown}
 D - 5 scrolls of noise {unknown}
 E - a scroll of acquirement {unknown}
 G - a scroll of teleportation {unknown}
Potions
 e - a potion of berserk rage {unknown}
 f - 3 potions of lignification {unknown}
 g - 2 potions of invisibility {unknown}
 i - a potion of curing
 k - a potion of cancellation
 l - a potion of resistance {unknown}
 n - 2 potions of mutation {unknown}
 o - a potion of ambrosia {unknown}
 p - a potion of attraction {unknown}
 t - a potion of flight {unknown}
 v - 3 potions of heal wounds {unknown}
 w - 2 potions of brilliance {unknown}
 x - a potion of haste {unknown}


   Skills:
 - Level 3.0 Fighting
 - Level 5.6 Long Blades
 + Level 1.7 Ranged Weapons
 - Level 3.0 Dodging
 - Level 6.4 Stealth
 - Level 3.0 Shields


You had 6 spell levels left.
You didn't know any spells.
Your spell library contained the following spells:

 Spells                   Type           Power      Damage    Failure   Level
 Summon Small Mammal      Summ           0%         N/A       36%         1
 Static Discharge         Conj/Air       0%         2-2/arc   50%         2
 Sublimation of Blood     Necr           0%         N/A       50%         2
 Wereblood                Tmut           0%         N/A       50%         2
 Call Canine Familiar     Summ           0%         N/A       75%         3
 Inner Flame              Hex/Fire       0%         N/A       75%         3
 Summon Guardian Golem    Hex/Summ       0%         N/A       75%         3
 Vhi's Electric Charge    Tloc/Air       0%         N/A       75%         3
 Flame Wave               Conj/Fire      0%         2d4       98%         4
 Sticky Flame             Conj/Fire      0%         2d3       98%         4
 Arcjolt                  Conj/Air       0%         1d10      100%        5
 Lightning Bolt           Conj/Air       0%         1d11      100%        5
 Summon Hydra             Summ           0%         N/A       100%        7


Dungeon Overview and Level Annotations

Branches:
Dungeon (6/15)             Temple (1/1) D:4

Altars:
Ashenzari
Cheibriados
Dithmenos
Gozag
Hepliaklqana
Kikubaaqudgha
Makhleb
Nemelex Xobeh
Okawaru
Qazlal
Ru
Sif Muna
Uskayaw
Xom
Yredelemnul
Zin
The Shining One

Shops:
D:1 [?=   D:4 :   D:5 (


Innate Abilities, Weirdness & Mutations

You cannot wear most types of armour.
You are amphibious.
You can wear up to eight rings at the same time.
Your skin changes colour to match your surroundings (Stealth+).
Your rubbery body absorbs attacks. (AC +1, EV +1)
((You are camouflaged when in or above water. (Stealth+)))
You have tentacles for arms and can constrict up to eight enemies at once.


Message History

You kill the orc!
The ice beast misses you. The orc barely misses you. The ice beast hits you.
The ice beast freezes you!
Fire: b) +10 sling of Sharp Innocence {elec, Drain Str+4 Int+3 SInv}
Press: ? - help, Q - select action, (/) - cycle Shift-Dir - straight line, f/p - ice beast
Aim: an ice beast (lightly wounded, 67% to hit)
You shoot a sling bullet. The sling bullet hits the ice beast.
Lightning courses through the ice beast!
The ice beast is severely wounded.
The orc wizard is distracted by your dazzling golden aura.
The ice beast hits you. The ice beast freezes you! The orc barely misses you.
Fire: b) +10 sling of Sharp Innocence {elec, Drain Str+4 Int+3 SInv}
Press: ? - help, Q - select action, (/) - cycle Shift-Dir - straight line, f/p - ice beast
Aim: an ice beast (severely wounded, 67% to hit)
You shoot a sling bullet. The orc wizard shouts!
The sling bullet hits the ice beast.
The ice beast is severely wounded.
You hear a shout! x2
The ice beast hits you. The ice beast freezes you!
* * * LOW HITPOINT WARNING * * *
You block the orc's attack.
An orc priest comes into view. It is wielding a +0 mace.
An orc comes into view. It is wielding a +0 dagger.
The orc barely misses you. You block the ice beast's attack.
The orc priest moves out of view.
It was a potion of cancellation.
You feel magically purged.
The orc is distracted by your dazzling golden aura.
The ice beast closely misses you.
The orc is distracted by your dazzling golden aura.
The orc barely misses you.
Unknown command.
Okay, then.
You feel better.
The orc wizard is no longer distracted by gold.
The ice beast hits you.
* * * LOW HITPOINT WARNING * * *
The ice beast freezes you!
You die...
Your body crumbles into a pile of gold.

#.............####.....#
#..........<..##.......#
#.............##.##....#
##
#.......)..#.....##....#
..
#............######....#
# ##........#..# ######
#. ##............#
#.##.............#
#...............@#
###.....<......#Y#
.#.[#..........#oo#
...###........###.o
.............## #.#
.########..[.. .o
........ ...#. ...
.......# ... ..o
........


You could see an ice beast, an orc priest, an orc wizard (invisible) and 3 orcs.

Vanquished Creatures
  A necrophage (D:4)
  A scorpion (D:4)
  A crimson imp (D:4)
  A jelly (D:5)
  2 orc priests
  A gnoll bouda (D:5)
  An iguana (D:5)
  An orc wizard (D:3)
  A mummy (D:3)
  3 gnolls (D:5)
  4 adders
  4 worms
  2 dart slugs (D:2)
  16 orcs
  3 bats (D:3)
  6 endoplasms
  5 giant cockroaches
  8 goblins
  3 hobgoblins
  2 quokkas
  9 ball pythons
  9 frilled lizards
  8 kobolds
  4 rats
96 creatures vanquished.

Notes
Turn   | Place    | Note
-------+----------+-------------------------------------------
     0 | D:1      | ragingrage the Octopode Fighter began the quest for the
                  | Orb.
     0 | D:1      | Reached XP level 1. HP: 16/16 MP: 1/1
   109 | D:1      | Found Sufaf's Armour Shoppe.
   125 | D:1      | Found Toezoo's Magic Scroll Shop.
   270 | D:1      | Reached XP level 2. HP: 11/21 MP: 2/2
   408 | D:1      | Found Qicheod's Jewellery Boutique.
  1056 | D:2      | Reached XP level 3. HP: 26/26 MP: 3/3
  1164 | D:2      | Reached skill level 1 in Stealth
  1513 | D:2      | You fall into a shaft and drop 1 floor!
  1529 | D:3      | Reached skill level 2 in Stealth
  1529 | D:3      | Reached XP level 4. HP: 31/31 MP: 4/4
  1975 | D:3      | HP: 1/31 [orc/+0 short sword (3)]
  1979 | D:3      | Reached skill level 3 in Stealth
  2140 | D:3      | Reached XP level 5. HP: 36/36 MP: 5/5
  2731 | D:3      | Found a snail-covered altar of Cheibriados.
  2740 | D:3      | Reached skill level 4 in Stealth
  2819 | D:4      | Found Cuoduca's Book Boutique.
  2887 | D:4      | Reached XP level 6. HP: 37/42 MP: 6/6
  2925 | D:4      | Reached skill level 5 in Long Blades
  2925 | D:4      | Reached skill level 5 in Stealth
  3074 | D:4      | Found a staircase to the Ecumenical Temple.
  3127 | D:4      | Found a shimmering altar of Xom.
  3149 | Temple   | Entered the Ecumenical Temple
  3371 | Temple   | Became a worshipper of Gozag Ym Sagoz the Greedy
  3421 | D:4      | Found a sparkling altar of Nemelex Xobeh.
  3910 | D:4      | Reached skill level 6 in Stealth
  3929 | D:5      | Entered Level 5 of the Dungeon
  4024 | D:5      | Reached XP level 7. HP: 24/46 MP: 7/7
  4041 | D:5      | Found Hoavaf's Weapon Shoppe.
  4130 | D:5      | Identified the +10 sling of Sharp Innocence {elec, Drain
                  | Str+4 Int+3 SInv}
  4167 | D:5      | Reached skill level 1 in Ranged Weapons
  4213 | D:5      | Slain by an ice beast

Illustrated notes

Levels and vault maps discovered:
D:1:      saegor_arrival_miasma, layout_loops_ring, serial_shops, shop,
          nicolae_shop_trees, shop, kennysheep_another_room, st_stairs_5,
          minmay_quantized
D:2:      layout_loops_ring, minmay_indecisive_spiral
D:3:      layout_basic, slow_altar_2, kennysheep_doodads, minmay_vboxes
D:4:      layout_loops_cross, nicolae_overflow_hidden_temple, led_xom_imps,
          temple_statues, serial_shops, shop_fountains
D:5:      layout_rooms, serial_shops, shop, minivault_25, eino_curves_03
D:6:      layout_cave_pools, serial_shops, nicolae_shop_bloodbath_and_beyond
Temple:   dpeg_chambers_temple

Skill      XL: |  1  2  3  4  5  6  7 |
---------------+----------------------+-----
Long Blades    | 3 4 5 |  5.6
Stealth        | 2 3 4 6 |  6.4
Ranged Weapons | 1 |  1.7
Fighting       | |  3.0
Dodging        | |  3.0
Shields        | |  3.0

Action                   |  1- 3 |  4- 6 |  7- 9 || total
-------------------------+-------+-------+-------++-------
Melee: Long sword        |    54 |   109 |     3 ||   166
       Constrict         |    13 |    30 |     2 ||    45
       Tentacles         |     6 |    21 |     3 ||    30
       Punch             |       |     1 |       ||     1
 Fire: Sling             |    17 |    28 |    17 ||    62
Throw: Dart              |       |     2 |       ||     2
  Use: Potion            |       |     2 |     2 ||     4
 Stab: Sleeping          |     3 |     8 |       ||    11
Armor: Skin              |     4 |     7 |       ||    11
Dodge: Dodged            |    24 |    62 |    10 ||    96
Block: Buckler           |     8 |    27 |     4 ||    39

Table legend: (Time is in decaauts)
 A = Elapsed time spent in this place.
 B = Non-inter-level travel time spent in this place.
 C = Inter-level travel time spent in this place.
 D = Time resting spent in this place.
 E = Time spent auto-exploring this place.
 F = Levels seen in this place.
 G = Mean time per level.
                   A        B        C        D        E       F      G
               +--------+--------+--------+--------+--------+-----+--------+
         Total |   4262 |   4030 |    232 |    655 |   2623 |   7 |  608.9 |
       Dungeon |   4012 |   3827 |    185 |    655 |   2433 |   6 |  668.7 |
        Temple |    249 |    203 |     46 |      0 |    190 |   1 |  249.0 |
               +--------+--------+--------+--------+--------+-----+--------+

Top non-repeatable levels by time:
     D:3: 1018 daAuts
     D:1: 997 daAuts
     D:4: 896 daAuts
     D:2: 808 daAuts
     D:5: 280 daAuts
  Temple: 249 daAuts
     D:6: 10 daAuts
